 Dungeon Crawl Stone Soup version 0.18.1-50-g88ac8fd (webtiles) character file.

318 Adamkad1 the Prestidigitator (level 6, -2/50 HPs)
             Began as a Deep Dwarf Artificer on Jan 7, 2019.
             Killed themself with a badly aimed iceblast (17 damage)
             ... on level 4 of the Dungeon.
             The game lasted 00:08:28 (1871 turns).

Adamkad1 the Prestidigitator (Deep Dwarf Artificer) Turns: 1871, Time: 00:08:28

Health: -2/50      AC:  2    Str: 14    XL:     6   Next: 21%
Magic:  9/9        EV: 12    Int: 15    God:
Gold:   124        SH:  0    Dex: 13    Spells: 0 memorised, 5 levels left

rFire  . . .     SeeInvis .     (no weapon)
rCold  . . .     Gourm    .     s - troll hide {Purgy}
rNeg   . . .     Faith    .     (no shield)
rPois  .         Spirit   .     (no helmet)
rElec  .         Dismiss  .     (no cloak)
rCorr  .         Reflect  .     (no gloves)
SustAt .         Harm     .     (no boots)
MR     .....                    (no amulet)
Stlth  +.........               (no ring)
                                (no ring)

@: non-regenerating, not resistant to hostile enchantments, very unstealthy
A: damage resistance, recharge devices, sense surroundings 1, slow regeneration
3
a: Device Recharging


You were on level 4 of the Dungeon.
You were not hungry.

You visited 1 branch of the dungeon, and saw 4 of its levels.

You collected 124 gold pieces.

Inventory:

Hand Weapons
 a - a +1 short sword
Armour
 b - a +1 leather armour
 s - a troll hide (worn) {Purgy}
Jewellery
 q - a +3 ring of strength
 r - an uncursed amulet of guardian spirit {unknown}
Wands
 c - a wand of flame (0/48)
 d - a wand of enslavement (6/24)
 e - a wand of random effects (0/48)
 f - a wand of heal wounds (3/9)
 k - a wand of random effects (27/48)
Scrolls
 i - a scroll of fear
 y - a scroll of blinking
Potions
 h - a potion of magic {unknown}
 j - 2 potions of mutation {unknown}
 l - 2 potions of curing {unknown}
 m - 2 potions of heal wounds {unknown}
 n - a potion of lignification {unknown}
 o - 2 potions of flight {unknown}
 v - 2 potions of agility {unknown}
Comestibles
 g - 3 bread rations
 p - a royal jelly
 t - 3 chunks of flesh
 x - a beef jerky


   Skills:
 - Level 0.8 Fighting
 - Level 0.8 Short Blades
 - Level 2.1 Dodging
 - Level 1.2 Stealth
 * Level 9.2 Evocations


You had 5 spell levels left.
You didn't know any spells.

Dungeon Overview and Level Annotations

Branches:
Dungeon (4/15)
 Temple: D:4-7

Altars:
Dithmenos
Okawaru
The Shining One


Innate Abilities, Weirdness & Mutations

You are resistant to damage.
You can recharge devices by infusing magical energy.
You passively map a small area around you.
You do not regenerate naturally.


Message History

Evoke which item? (* to show all) (? for menu, Esc to quit)
Zapping:
k - a wand of random effects (29/48)
Press: ? - help, Shift-Dir - straight line, f/p - orc
Aim: an orc, wielding a whip and wearing a scale mail (heavily wounded)
The orc looks slightly unstable.
This wand has 28 charges left.
The orc completely misses you.
Evoke which item? (* to show all) (? for menu, Esc to quit)
Zapping:
k - a wand of random effects (28/48)
Press: ? - help, Shift-Dir - straight line, f/p - orc
Aim: an orc, wielding a whip and wearing a scale mail (heavily wounded)
The rock shatters into small pieces.
This wand has 27 charges left.
The orc completely misses you.
Evoke which item? (* to show all) (? for menu, Esc to quit)
Zapping:
k - a wand of random effects (27/48)
Press: ? - help, Shift-Dir - straight line, f/p - orc
Aim: an orc, wielding a whip and wearing a scale mail (heavily wounded)
The mass of ice explodes!
The iceblast engulfs the orc.
You kill the orc!
The iceblast engulfs you!
You die...

* ###+####
#......#
#......# *
#......# *
#>....
#.#.######*
#.@.......
#.#)###### * *
#.#..#* , ,
#.#.... , ,, * *
#.####.### * *
#....)....,
######.######.#*
*
............#,..
*##########.##,
* ,,


There were no monsters in sight!

Vanquished Creatures
  Grinder (D:3)
  Purgy (D:3)
  Ijyb (D:2)
  An adder (D:2)
  5 gnolls
  A river rat (D:2)
  An ooze (D:3)
  A worm (D:3)
  2 dart slugs
  A giant gecko (D:2)
  5 orcs
  2 giant cockroaches
  7 goblins
  5 hobgoblins
  5 jackals (D:1)
  7 kobolds
  A quokka (D:3)
  A ball python (D:3)
  8 bats
  3 giant newts
  5 rats
64 creatures vanquished.

Vanquished Creatures (collateral kills)
  Robin (D:3)
  A gnoll (D:3)
  An orc (D:3)
  A giant cockroach (D:3)
  9 goblins (D:3)
  2 hobgoblins (D:3)
  A jackal (D:3)
  A rat (D:3)
17 creatures vanquished.

Vanquished Creatures (others)
  A goblin (D:3)
  A jackal (D:3)
2 creatures vanquished.

Grand Total: 83 creatures vanquished

Notes
Turn   | Place    | Note
--------------------------------------------------------------
     0 | D:1      | Adamkad1 the Deep Dwarf Artificer began the quest for the Orb.
     0 | D:1      | Reached XP level 1. HP: 16/16 MP: 3/3
   137 | D:1      | Reached XP level 2. HP: 3/24 MP: 5/5
   195 | D:1      | Reached skill level 5 in Evocations
   351 | D:1      | Reached XP level 3. HP: 28/30 MP: 6/6
   478 | D:2      | Found an iron altar of Okawaru.
   481 | D:2      | Reached skill level 6 in Evocations
   611 | D:2      | Reached XP level 4. HP: 32/37 MP: 7/7
  1092 | D:3      | Noticed Grinder
  1115 | D:3      | Noticed Ijyb
  1116 | D:3      | Noticed Purgy
  1123 | D:2      | Killed Ijyb
  1123 | D:2      | Reached skill level 7 in Evocations
  1221 | D:3      | Found a shadowy altar of Dithmenos.
  1244 | D:3      | Reached XP level 5. HP: 25/43 MP: 8/8
  1285 | D:3      | Paralysed by Grinder for 7 turns
  1308 | D:3      | Noticed Robin
  1332 | D:3      | Killed Robin
  1346 | D:3      | Killed Grinder
  1346 | D:3      | Reached skill level 8 in Evocations
  1695 | D:3      | Killed Purgy
  1695 | D:3      | Reached skill level 9 in Evocations
  1695 | D:3      | Reached XP level 6. HP: 15/50 MP: 9/9
  1744 | D:3      | Found a glowing golden altar of the Shining One.
  1871 | D:4      | Killed themself with a badly aimed iceblast

Skill      XL: |  1  2  3  4  5 |
---------------+----------------+-----
Evocations     | 5 6 7 9 |  9.2
Fighting       | |  0.8
Short Blades   | |  0.8
Dodging        | |  2.1
Stealth        | |  1.2

Action                   |  1- 3 |  4- 6 || total
-------------------------+-------+-------++-------
 Abil: Device Recharging |     1 |     2 ||     3
Evoke: Wand              |    53 |    76 ||   129
  Use: Scroll            |     3 |     6 ||     9
  Eat: Chunk             |       |     3 ||     3
Armor: Leather armour    |     5 |    21 ||    26
Dodge: Dodged            |    17 |    45 ||    62
